 Dungeon Crawl Stone Soup version 0.21-a0-51-gea492e9 (webtiles) character file.

50 kuniqs the Skirmisher (level 3, 0/20 HPs)
             Began as a Vine Stalker Fighter on June 13, 2017.
             Succumbed to an adder's poison
             ... on level 3 of the Dungeon.
             The game lasted 00:01:52 (854 turns).

kuniqs the Skirmisher (Vine Stalker Fighter)         Turns: 854, Time: 00:01:53

Health: 0/20       AC:  8    Str: 19    XL:     3   Next: 79%
Magic:  4/4        EV:  3    Int:  8    God:
Gold:   19         SH: 13    Dex: 13    Spells: 2/2 levels left

rFire    . . .     SeeInvis .   a - +1 rapier
rCold    . . .     Gourm    .   n - +0 large shield
rNeg     . . .     Faith    +   q - +0 chain mail
rPois    .         Spirit   +   (no helmet)
rElec    .         Reflect  .   (no cloak)
rCorr    .         Harm     .   (no gloves)
MR       .....                  (no boots)
Stlth    ..........             r - amulet of faith
Regen    0.1/turn               (no ring)
MPRegen  0.1/turn               (no ring)

@: lethally poisoned (0 -> -2), very slightly contaminated, invisible
A: fangs 2, magic shield, antimagic bite, no potion heal 3, rot immunity
a: no special abilities


You were on level 3 of the Dungeon.
You were not hungry.

You visited 1 branch of the dungeon, and saw 3 of its levels.

You collected 19 gold pieces.

Inventory:

Hand Weapons
 a - a +1 rapier (weapon)
Armour
 n - a +0 large shield (worn)
 q - a +0 chain mail (worn)
Jewellery
 r - an amulet of faith (around neck)
Scrolls
 k - a scroll of enchant armour {unknown}
 l - a scroll of amnesia {unknown}
 o - a scroll of magic mapping
 p - a scroll of immolation {unknown}
Potions
 h - a potion of might
Comestibles
 c - 6 chunks of flesh
 d - a bread ration
 e - a meat ration
 f - 4 fruits


   Skills:
 + Level 3.2 Fighting
 + Level 2.1 Short Blades
 + Level 2.6 Armour
 + Level 1.1 Dodging
 + Level 2.9 Shields


You had 2 spell levels left.
You didn't know any spells.

Dungeon Overview and Level Annotations

Branches:
Dungeon (3/15)

Altars:
Cheibriados
The Shining One

Annotations:
D:2 Sigmund


Innate Abilities, Weirdness & Mutations

You have extremely sharp teeth.
When hurt, damage is shared between your health and your magic reserves.
Your bite disrupts and absorbs the magic of your enemies.
Potions cannot restore your health.
You are immune to rotting.


Message History

* * * LOW HITPOINT WARNING * * *
You closely miss the adder.
The adder bites you but does no damage. x2
* * * LOW HITPOINT WARNING * * *
You feel sick.
You strike the helpless adder from behind!
You puncture the adder!
You kill the adder!
You swing at nothing.
You swing at nothing.
* * * LOW HITPOINT WARNING * * *
You feel sick.
You swing at nothing.
You swing at nothing.
You swing at nothing.
* * * LOW HITPOINT WARNING * * *
You feel sick.
You swing at nothing.
You swing at nothing.
You swing at nothing.
You die...

***,,,.,*#...#..........**,,,,,,*
*,**#.##...#.....(....**,,,,,,*
*,* #..>....#....#####**,,,,,,,
*,* ####....#.)..#**********,,,
*,* #....#....#*,,,,,,* *>,, *,*
#....#....#*,,,,.,* **** *,*
####.#....#*,,...,* *,*
#.###.###.....,* *,*
#...@†........,* ***,*
#########.....,* ,,,,* **,###**
***** *,* *,* *,* ****** *,*
,,,,,* *,*
****,*****************,*


There were no monsters in sight!

Vanquished Creatures
  2 adders (D:3)
  2 dart slugs
  A giant cockroach (D:1)
  2 goblins (D:1)
  5 hobgoblins
  A ball python (D:3)
  3 bats
  8 kobolds
  5 rats
29 creatures vanquished.

Notes
Turn   | Place    | Note
-------+----------+-------------------------------------------
     0 | D:1      | kuniqs the Vine Stalker Fighter began the quest for the Orb.
     0 | D:1      | Reached XP level 1. HP: 11/11 MP: 2/2
    56 | D:1      | Reached XP level 2. HP: 15/16 MP: 3/3
    82 | D:1      | Found a glowing golden altar of the Shining One.
   208 | D:1      | Reached skill level 3 in Fighting
   580 | D:2      | Noticed Sigmund
   656 | D:3      | Found a snail-covered altar of Cheibriados.
   704 | D:3      | Reached XP level 3. HP: 20/20 MP: 4/4
   749 | D:3      | Reached skill level 1 in Dodging
   848 | D:3      | HP: 1/20 [poisoned by an adder]
   854 | D:3      | Succumbed to an adder's poison

Vault maps used:
D:1:      kennysheep_arrival_forest, hangedman_glass_teeth, tso_metal_star
D:2:      uniq_sigmund
D:3:      lemuel_crystal_altar, nicolae_overflow_crystal_walls

Skill      XL: |  1  2  3 |
---------------+----------+-----
Fighting       | 3 |  3.2
Short Blades   | 2 |  2.1
Dodging        | 1 |  1.1
Armour         | |  2.6
Shields        | |  2.9

Action                   || total
-------------------------++-------
Melee: Rapier            ||    96
       Bite              ||    19
  Use: Scroll            ||     3
       Potion            ||     2
 Stab: Invisible         ||     1
Armor: Scale mail        ||     3
       Chain mail        ||    46
Dodge: Dodged            ||     8
Block: Shield            ||    28
       Large shield      ||    30
